 Dungeon Crawl Stone Soup version 0.28.0-45-g0d030f2227 (webtiles) character file.

Game seed: 15340209822555649731

2983 Faeu the Protected (level 9, -4/82 HPs)
             Began as a Minotaur Fighter on Apr 5, 2022.
             Was a Follower of Trog.
             Slain by a large slime creature (38 damage)
             ... on level 7 of the Dungeon.
             The game lasted 00:25:06 (6405 turns).

Faeu the Protected (Minotaur Fighter)               Turns: 6405, Time: 00:25:07

Health: -4/82      AC: 11    Str: 25    XL:     9   Next: 53%
Magic:  8/8        EV: 11    Int:  5    God:    Trog [*.....]
Gold:   362        SH:  4    Dex: 10    Spells: 8/8 levels left

rFire   + + .      SeeInvis .   a - +0 war axe {axe}
rCold   + . .      Faith    .   c - +0 buckler
rNeg    . . .      Spirit   .   A - +0 fire dragon scales
rPois   .          Reflect  .   (helmet restricted)
rElec   .          Harm     .   C - scarf {rC+ rF+}
rCorr   .          Rampage  .   (no gloves)
Will    .....                   (no boots)
Stlth   ..........              (no amulet)
HPRegen 0.23/turn               f - ring of ice
MPRegen 0.11/turn               (no ring)

@: no status effects
A: horns 2, retaliatory headbutt
a: Renounce Religion, Berserk


You were on level 7 of the Dungeon.
You worshipped Trog.
Trog was aware of your devotion.
You visited 1 branch of the dungeon, and saw 7 of its levels.
You also visited: Sewer and Ossuary.

You collected 362 gold pieces.


Innate Abilities, Weirdness & Mutations

You have a pair of horns on your head.
You reflexively headbutt those who attack you in melee.


   Skills:
 + Level 8.8 Fighting
 + Level 8.2 Axes
 + Level 8.8 Armour
 + Level 7.1 Dodging
 - Level 3.6 Shields


You had 8 spell levels left.
You didn't know any spells.
Your spell library contained the following spells:

 Spells                   Type           Power      Damage    Failure   Level
 Magic Dart               Conj           0%         1d3       86%         1
 Ensorcelled Hibernation  Hex/Ice        0%         N/A       95%         2
 Searing Ray              Conj           0%         2d4       95%         2
 Frozen Ramparts          Ice            0%         1d2       99%         3
 Gell's Gravitas          Tloc           0%         N/A       99%         3
 Lesser Beckoning         Tloc           0%         N/A       99%         3
 Spider Form              Tmut/Pois      0%         N/A       99%         3
 Teleport Other           Tloc           0%         N/A       99%         3
 Anguish                  Hex/Necr       0%         N/A       100%        4
 Fulminant Prism          Conj/Hex       0%         3d6       100%        4
 Ice Form                 Ice/Tmut       0%         N/A       100%        4
 Summon Ice Beast         Ice/Summ       0%         N/A       100%        4

Inventory:

Hand Weapons
 a - a +0 war axe (weapon) {axe}
 t - a +0 falchion {long}
   (You took it off Eustachio on level 4 of the Dungeon)
Missiles
 g - 2 curare-tipped darts {=fthrowing}
 h - 6 silver javelins (quivered) {throwing}
 p - 8 poisoned darts {throwing}
Armour
 b - a +0 scale mail
 c - a +0 buckler (worn)
 d - a +0 leather armour of cold resistance
   (You took it off Eustachio on level 4 of the Dungeon)
 A - +0 fire dragon scales (worn)
   (You found it on level 5 of the Dungeon)
 C - a scarf of resistance (worn)
   (You found it on level 6 of the Dungeon)
Jewellery
 f - a ring of ice (left hand)
   (You found it on level 1 of the Dungeon)
Wands
 q - a wand of flame (16)
   (You took it off a kobold on level 3 of the Dungeon)
 y - a wand of iceblast (19)
   (You found it on level 5 of the Dungeon)
Scrolls
 e - 2 scrolls of amnesia {unknown}
 j - a scroll of torment {unknown}
 k - 3 scrolls of identify {unknown}
 l - a scroll of brand weapon {unknown}
 n - a scroll of immolation {unknown}
 s - 2 scrolls of vulnerability {unknown}
 u - 5 scrolls of fog {unknown}
 w - 2 scrolls of fear {unknown}
 B - 2 scrolls of teleportation {unknown}
 D - a scroll of enchant weapon {unknown}
 F - a scroll of holy word {unknown}
 G - a scroll of magic mapping {unknown}
Potions
 i - a potion of flight {unknown}
 m - 4 potions of brilliance {unknown}
 o - 6 potions of resistance {unknown}
 r - 3 potions of lignification {unknown}
 v - 3 potions of heal wounds {unknown}
 x - 4 potions of invisibility
 z - a potion of magic {unknown}
 E - a potion of degeneration {unknown}

Dungeon Overview and Level Annotations

Branches:
Dungeon (7/15)             Temple (0/1) D:5           Sewer (visited)
Ossuary (visited)

Altars:
Cheibriados
Elyvilon
Trog
Vehumet

Annotations:
D:6 3 runed translucent doors, Crazy Yiuf; kalagan's ghost, novice DECj

# . ##### .# ##...#########.##..
#..................
#..................
#######.....##...#########
.....####'####...##......#####
.....##.....##..@#.......#...##..
#...........#....J.J.............
#...........#....#...............
#...###..##'##.#######..#....##..
...####..##.#######..............
...##.....#........#............#
#####.....'.......##........≈≈..#
#.†...#.......##.......≈..≈.#
#.....#......##≈...≈≈..≈..≈≈≈


You could see 2 large slime creatures.


Message History

An ice beast comes into view.
You block the centaur skeleton's attack.
The centaur skeleton closely misses you.
You slash the centaur skeleton!
The centaur skeleton hits you but does no damage.
The centaur skeleton closely misses you.
The centaur skeleton hits you but does no damage.
You block the centaur skeleton's attack.
You hit the centaur skeleton but do no damage.
You hit the ice beast but do no damage. The centaur skeleton hits you.
The centaur skeleton barely misses you.
The ice beast hits you but does no damage. 😕 HP[-3]
You take 3 damage, and now have 79/82 hp.
The centaur skeleton hits you.
You block the centaur skeleton's attack.
The centaur skeleton hits you but does no damage.
The centaur skeleton barely misses you. 😕 HP[-3]
You take 3 damage, and now have 76/82 hp. 😕 HP[+1]
There is an open door here.
You slash the centaur skeleton! The centaur skeleton hits you.
The centaur skeleton kicks you but does no damage. 😕 HP[-1]
You take 1 damage, and now have 76/82 hp.
You closely miss the ice beast.
Your headbutt misses the ice beast. 😕 HP[+1]
You closely miss the ice beast. The ice beast barely misses you.
You hit the ice beast but do no damage. You headbutt the ice beast!
The ice beast completely misses you. You block the ice beast's attack.
You slash the ice beast! You headbutt the ice beast.
The ice beast completely misses you.
You hit the ice beast but do no damage. The ice beast hits you.
The ice beast freezes you. You resist. 😕 HP[-6]
You take 6 damage, and now have 71/82 hp.
You closely miss the ice beast.
The ice beast hits you but does no damage.
You hit the ice beast but do no damage. The ice beast barely misses you.
You furiously retaliate!
You headbutt the ice beast!
You kill the ice beast!
Trog accepts your kill. The centaur skeleton hits you.
The centaur skeleton kicks you but does no damage.
The centaur skeleton hits you but does no damage.
The centaur skeleton barely misses you.
There is an open door here. 😕 HP[-2]
You take 2 damage, and now have 69/82 hp.
You slash the centaur skeleton!
You destroy the centaur skeleton!
Trog accepts your kill. 😕 HP[+1]
A howler monkey skeleton comes into view. 😕 HP[+6]
You regained 6 hp, and now have 76/82 hp. 😕 HP[+1]
A slime creature comes into view.
The slime creature quivers.
You slash the howler monkey skeleton!
Your headbutt misses the howler monkey skeleton.
The howler monkey skeleton misses you.
You slash the howler monkey skeleton!
You destroy the howler monkey skeleton!
Trog accepts your kill. 😕 HP[+1]
A steam dragon comes into view.
The steam dragon hisses angrily.
A slime creature comes into view. x2
You hit the slime creature.
A slime creature comes into view. x2
The slime creature hits you! 😕 HP[-12]
You take 12 damage, and now have 66/82 hp.
The slime creature quivers. x2
You slash the slime creature! The slime creature hits you!
Two slime creatures merge to form a large slime creature. 😮 HP[-13]
You take 13 damage, and now have 53/82 hp.
You slash the slime creature! You headbutt the slime creature.
You block the slime creature's attack.
You slash the slime creature! The slime creature hits you! 😮 HP[-11]
You take 11 damage, and now have 42/82 hp.
The slime creature hits you!
* * * LOW HITPOINT WARNING * * *
😨 HP[-11]
You take 11 damage, and now have 31/82 hp. 😨 HP[+1] 😨 HP[+1]
There is an open door here.
Two slime creatures merge to form a large slime creature.
You slash the large slime creature! You headbutt the large slime creature!
The large slime creature barely misses you.
You furiously retaliate!
You headbutt the large slime creature! 😨 HP[+1]
You hit the large slime creature but do no damage.
You headbutt the large slime creature! The large slime creature hits you!!!
You die...

Skill      XL: |  1  2  3  4  5  6  7  8  9 |
---------------+----------------------------+-----
Dodging        | 1 2 3 4 6 7 |  7.1
Armour         | 4 5 6 8 |  8.8
Fighting       | 4 5 6 8 |  8.8
Axes           | 3 4 5 7 8 |  8.2
Shields        | |  3.6

Action                   |  1- 3 |  4- 6 |  7- 9 || total
-------------------------+-------+-------+-------++-------
Melee: War axe           |    79 |   129 |   291 ||   499
       Headbutt          |    13 |    19 |    52 ||    84
Throw: Dart              |       |       |     2 ||     2
  Use: Potion            |       |     1 |       ||     1
Armor: Scale mail        |    52 |    61 |    27 ||   140
       Fire dragon scale |       |       |   114 ||   114
Dodge: Dodged            |    39 |    90 |   154 ||   283
Block: Buckler           |    23 |    30 |    75 ||   128

Levels and vault maps discovered:
D:1:      tarquinn_simple_flora_water_f, layout_basic,
          dreamdust_ecumenical_altar_grove,
          nicolae_concentric_dashed_squares_mild, dk_noncrumbling_4
D:2:      layout_loops_ring
D:3:      layout_basic, vehumet_altar_wand_db, grunt_decor_one_mirror
D:4:      layout_loops_ring, lemuel_tele_altar, uniq_eustachio
D:5:      layout_loops_ring, trog_three_pillars_becter,
          mainiacjoe_overflow_boulevard, minmay_temple_entry_mist,
          cheibrodos_sewer_entry_drain
D:6:      layout_basic, ebering_ghost_sewer_f, chequers_ossuary_entry_cave,
          uniq_crazy_yiuf_cottage, uniq_duvessa
D:7:      cheibrodos_helix_gallery, layout_gridville, serial_bayou_pond_a,
          item_on_display_a

Notes
Turn   | Place    | Note
-------+----------+-------------------------------------------
     0 | D:1      | Faeu the Minotaur Fighter began the quest for the Orb.
     0 | D:1      | Reached XP level 1. HP: 19/19 MP: 0/0
     0 | D:1      | magus.rc [v1.9.6]
   150 | D:1      | Reached XP level 2. HP: 27/27 MP: 1/1
   206 | D:1      | Reached skill level 1 in Dodging
   216 | D:1      | Reached skill level 4 in Armour
   225 | D:1      | Found a faded altar of an unknown god.
   282 | D:1      | Reached skill level 4 in Fighting
   325 | D:1      | Reached XP level 3. HP: 24/33 MP: 2/2
   492 | D:1      | Reached skill level 3 in Axes
  1026 | D:2      | HP: 7/33 [poisoned by an adder]
  1301 | D:2      | Reached XP level 4. HP: 41/41 MP: 3/3
  1499 | D:2      | Reached skill level 2 in Dodging
  2007 | D:3      | Reached XP level 5. HP: 44/47 MP: 4/4
  2328 | D:3      | Found a radiant altar of Vehumet.
  2630 | D:4      | Found a snail-covered altar of Cheibriados.
  2758 | D:4      | Noticed a black bear
  2768 | D:4      | Killed a black bear
  2769 | D:4      | Reached skill level 5 in Fighting
  2769 | D:4      | Reached skill level 4 in Axes
  2769 | D:4      | Reached skill level 5 in Armour
  2769 | D:4      | Reached skill level 3 in Dodging
  2858 | D:4      | Noticed Eustachio
  2917 | D:4      | Killed Eustachio
  2918 | D:4      | Reached XP level 6. HP: 21/56 MP: 5/5
  3364 | D:4      | You fall into a shaft and drop 1 floor!
  3364 | D:5      | Entered Level 5 of the Dungeon
  3390 | D:5      | Reached XP level 7. HP: 62/62 MP: 6/6
  3468 | D:5      | Found a glowing drain.
  3506 | Sewer    | Entered a sewer
  3525 | Sewer    | Noticed Pargi
  3537 | Sewer    | Killed Pargi
  3538 | Sewer    | Reached skill level 5 in Axes
  3538 | Sewer    | Reached skill level 4 in Dodging
  3594 | Sewer    | You pick up a book of Rime and begin reading...
  3594 | Sewer    | You add the spells Frozen Ramparts, Ice Form and Summon Ice
                  | Beast to your library.
  3669 | D:5      | You pick up a book of Displacement and begin reading...
  3669 | D:5      | You add the spells Lesser Beckoning, Gell's Gravitas and
                  | Teleport Other to your library.
  3774 | D:5      | Reached skill level 6 in Fighting
  3774 | D:5      | Reached skill level 6 in Armour
  3817 | D:5      | Found a white marble altar of Elyvilon.
  4195 | D:5      | Found a bloodstained altar of Trog.
  4201 | D:5      | Became a worshipper of Trog the Wrathful
  4297 | D:5      | Found a staircase to the Ecumenical Temple.
  4320 | D:5      | Reached XP level 8. HP: 71/71 MP: 7/7
  4491 | D:6      | Reached skill level 6 in Axes
  4491 | D:6      | Reached skill level 5 in Dodging
  4649 | D:6      | Reached skill level 7 in Fighting
  4649 | D:6      | Reached skill level 7 in Armour
  4730 | D:6      | Found a runed translucent door.
  4730 | D:6      | Noticed kalagan's ghost (novice DECj)
  4741 | D:6      | Noticed a kobold demonologist
  4757 | D:6      | Killed a kobold demonologist
  4912 | D:6      | Found a runed translucent door.
  4921 | D:6      | Reached skill level 7 in Axes
  4958 | D:6      | Found a sand-covered staircase.
  4966 | Ossuary  | Entered an ossuary
  4977 | Ossuary  | Reached skill level 6 in Dodging
  5067 | Ossuary  | Reached skill level 8 in Fighting
  5067 | Ossuary  | Reached skill level 8 in Armour
  5067 | Ossuary  | Reached XP level 9. HP: 74/81 MP: 8/8
  5081 | Ossuary  | Reached * piety under Trog
  5600 | D:6      | Found a runed translucent door.
  5601 | D:6      | Noticed Crazy Yiuf
  5655 | D:6      | You pick up a book of Conjurations {forbidden@e2} and begin
                  | reading...
  5655 | D:6      | You add the spells Magic Dart, Searing Ray and Fulminant
                  | Prism to your library.
  5764 | D:6      | Noticed Duvessa
  5764 | D:6      | Noticed Dowan
  5778 | D:6      | Killed Duvessa
  5788 | D:6      | Killed Dowan
  5789 | D:6      | Reached skill level 8 in Axes
  5941 | D:6      | You pick up a book of Dreams {forbidden} and begin
                  | reading...
  5941 | D:6      | You add the spells Ensorcelled Hibernation, Spider Form and
                  | Anguish to your library.
  6200 | D:7      | Reached skill level 7 in Dodging
  6245 | D:7      | You pick up a book of Displacement {forbidden} and begin
                  | reading...
  6405 | D:7      | Slain by a large slime creature

Vanquished Creatures
  A kobold demonologist (D:6)
  A basilisk (D:6)
  Eustachio (D:4)
  A water moccasin (D:6)
  Duvessa (D:6)
  Pargi (Sewer)
  2 ice beasts
  3 black bears
  2 necrophages
  2 ogres (D:5)
  A centaur (D:7)
  A bullfrog (D:7)
  2 scorpions
  2 water moccasin zombies (Ossuary)
  Dowan (D:6)
  5 centaur zombies (Ossuary)
  A bullfrog zombie (Ossuary)
  3 centaur skeletons
  An orc priest (D:3)
  14 mummies (Ossuary)
  2 iguanas (D:5)
  2 killer bee zombies (Ossuary)
  A hound zombie (D:5)
  3 howler monkey zombies (Ossuary)
  A howler monkey skeleton (D:7)
  7 adders
  A shadow imp (D:6)
  2 white imps
  3 ufetubi
  3 worms
  3 dart slugs
  14 orcs
  10 bats
  5 endoplasms
  4 giant cockroaches
  5 hobgoblins
  9 jackals
  6 kobolds
  A quokka (D:4)
  12 ball pythons
  10 frilled lizards
  7 goblins
  6 rats
163 creatures vanquished.

Vanquished Creatures (others)
  2 plants (D:7)
  7 withered plants (Ossuary)
9 creatures vanquished.

Grand Total: 172 creatures vanquished

Table legend:
 A = Non-vault XP
 B = Vault XP
 C = Vault XP percentage of total XP
 D = Non-vault monster count
 E = Vault monster count
 F = Vault count percentage of total count
                 A         B        C        D         E       F
            +---------+---------+-------+---------+---------+-------
      Total |    2619 |    1643 |  38.5 |     119 |      44 |  27.0
            +---------+---------+-------+---------+---------+-------
        D:1 |      51 |       0 |   0.0 |      31 |       0 |   0.0
        D:2 |      84 |       0 |   0.0 |      19 |       0 |   0.0
        D:3 |      87 |       1 |   1.1 |      23 |       1 |   4.2
        D:4 |     238 |     191 |  44.5 |      13 |       1 |   7.1
        D:5 |     633 |       7 |   1.1 |      16 |       3 |  15.8
        D:6 |    1261 |     209 |  14.2 |      12 |       2 |  14.3
        D:7 |     265 |     170 |  39.1 |       5 |       2 |  28.6
      Sewer |       0 |     141 | 100.0 |       0 |       8 | 100.0
    Ossuary |       0 |     924 | 100.0 |       0 |      27 | 100.0
            +---------+---------+-------+---------+---------+-------

Illustrated notes

Table legend:
 A = Kills in this place as a percentage of kills in entire the game.
 B = Kills by you in this place as a percentage of kills by you in the entire game.
 C = Kills by friends in this place as a percentage of kills by friends in the entire game.
 D = Other kills in this place as a percentage of other kills in the entire game.
 E = Experience gained in this place as a percentage of experience gained in the entire game.
 F = Experience gained in this place divided by the number of levels of this place that you have seen.
                   A       B       C       D       E      F
               +-------+-------+-------+-------+-------+----------------------
         Total | 100.0 | 100.0 |   N/A |   N/A | 100.0 | 473.6
       Dungeon |  78.5 |  78.5 |   N/A |   N/A |  75.0 | 456.7
         Sewer |   4.9 |   4.9 |   N/A |   N/A |   3.3 | 141.0
       Ossuary |  16.6 |  16.6 |   N/A |   N/A |  21.7 | 924.0
               +-------+-------+-------+-------+-------+----------------------

Table legend: (Time is in decaauts)
 A = Elapsed time spent in this place.
 B = Non-inter-level travel time spent in this place.
 C = Inter-level travel time spent in this place.
 D = Time resting spent in this place.
 E = Time spent auto-exploring this place.
 F = Levels seen in this place.
 G = Mean time per level.
                   A        B        C        D        E       F      G
               +--------+--------+--------+--------+--------+-----+--------+
         Total |   6615 |   6483 |    132 |    960 |   2631 |   9 |  735.0 |
       Dungeon |   5824 |   5692 |    132 |    796 |   2483 |   7 |  832.0 |
         Sewer |    118 |    118 |      0 |      0 |      0 |   1 |  118.0 |
       Ossuary |    672 |    672 |      0 |    164 |    147 |   1 |  672.0 |
               +--------+--------+--------+--------+--------+-----+--------+

Top non-repeatable levels by time:
     D:6: 1135 daAuts
     D:5: 1035 daAuts
     D:2: 924 daAuts
     D:3: 923 daAuts
     D:4: 821 daAuts
     D:1: 770 daAuts
 Ossuary: 672 daAuts
     D:7: 214 daAuts
   Sewer: 118 daAuts
